 Dungeon Crawl Stone Soup version 0.29-a0-676-ga64570c9d2 (webtiles) character file.

Game seed: 17485781568131541439

584 Newt the Cutter (level 7, -3/81 HPs)
             Began as a Demonspawn Abyssal Knight on June 24, 2022.
             Was a Priest of Lugonu.
             Killed by divine providence
             ... invoked by an orc priest
              (12 damage)
             ... on level 4 of the Dungeon.
             The game lasted 00:08:20 (4246 turns).

Newt the Cutter (Demonspawn Abyssal Knight)         Turns: 4246, Time: 00:08:21

Health: -3/81      AC: 23    Str: 15    XL:     7   Next: 14%
Magic:  10/10      EV:  2    Int: 17    God:    Lugonu [***...]
Gold:   117        SH:  0    Dex: 14    Spells: 10/10 levels left

rFire   . . .      SeeInvis .   p - +2 short sword (speed)
rCold   . . .      Faith    .   (no shield)
rNeg    . . .      Spirit   .   (body armour currently unavailable)
rPois   +          Reflect  .   (helmet currently unavailable)
rElec   .          Harm     .   (cloak currently unavailable)
rCorr   .          Rampage  .   (gloves currently unavailable)
Will    .....      NoTele   +   (boots currently unavailable)
Stlth   +.........              (no amulet)
HPRegen 1.23/turn               i - +6 ring of intelligence
MPRegen 0.12/turn               (no ring)

@: tree-form
A: stationary, stasis, torment immunity, boosted hp, (large bone plates 2),
powered by death 1, (demonic touch 1)
a: Renounce Religion, Depart the Abyss, Bend Space, Banish


You were on level 4 of the Dungeon.
You worshipped Lugonu.
Lugonu was most pleased with you.
You were a tree.
You visited 1 branch of the dungeon, and saw 4 of its levels.
You visited the Abyss 1 time.

You collected 117 gold pieces.

Inventory:

Hand Weapons
 a - a +1 hand axe
 p - a +2 short sword of speed (weapon)
Missiles
 k - 5 poisoned darts
 l - 6 curare-tipped darts
 u - 2 datura-tipped darts
Armour
 b - a +0 leather armour
 m - a +0 ring mail (melded)
 q - a +0 pair of gloves (melded)
Jewellery
 i - a +6 ring of intelligence (left branch)
Scrolls
 e - a scroll of poison {unknown}
 g - 3 scrolls of fear
 j - a scroll of fog {unknown}
 o - a scroll of enchant weapon {unknown}
 r - a scroll of immolation {unknown}
 t - a scroll of blinking {unknown}
 v - a scroll of enchant armour {unknown}
 w - a scroll of identify
Potions
 c - a potion of mutation
 d - a potion of invisibility
 f - 2 potions of flight
 n - a potion of might
 s - a potion of degeneration


   Skills:
 + Level 4.2 Fighting
 * Level 4.4 Short Blades
 - Level 2.4 Axes
 + Level 3.3 Armour
 - Level 1.0 Dodging
 + Level 0.2 Shields
 * Level 2.2 Spellcasting
 + Level 2.4 Invocations


You had 10 spell levels left.
You didn't know any spells.
Your spell library was empty.

Dungeon Overview and Level Annotations

Branches:
Dungeon (4/15)
 Temple: D:4-7

Altars:
Ashenzari


Innate Abilities, Weirdness & Mutations

You are a tree.
Your roots penetrate the ground, keeping you stationary.
You cannot be teleported.
You are immune to unholy pain and torment.
Your maximum health is greatly increased.
Your equipment is partially melded.
((You are mostly covered in large bone plates. (SH +6)))
You regenerate a little health from kills.
((Your touch may inflict minor irresistible damage on your foes.))


Message History

The orc priest hits you but does no damage.
The orc completely misses you. Something hits you but does no damage.
You hit the orc but do no damage. You hit the orc but do no damage.
The orc completely misses you. The orc hits you but does no damage.
The orc priest barely misses you. Something hits you but does no damage.
You hit the orc but do no damage. You closely miss the orc.
The orc hits you but does no damage.
The orc priest hits you but does no damage.
The orc hits you but does no damage. Something hits you.
* * * LOW HITPOINT WARNING * * *
You hit the orc.
The orc is moderately wounded.
The orc hits you but does no damage.
The orc priest hits you with a +0 short sword.
* * * LOW HITPOINT WARNING * * *
The orc hits you but does no damage. Something hits you but does no damage.
You closely miss the orc.
The orc is moderately wounded.
You barely miss the orc.
The orc is moderately wounded.
The orc hits you but does no damage. Something hits you but does no damage.
The orc hits you but does no damage.
The orc priest hits you but does no damage.
You puncture the orc!
You kill the orc!
Lugonu accepts your kill.
You hit the orc priest.
The orc priest is moderately wounded.
The orc hits you but does no damage. Something hits you.
* * * LOW HITPOINT WARNING * * *
The orc priest hits you but does no damage.
You hit the orc priest.
The orc priest is heavily wounded.
You hit the orc priest.
The orc priest is severely wounded.
Something hits you but does no damage. The orc hits you but does no damage.
The orc priest invokes the aid of Beogh against you.
Beogh smites you!
You die...

......# #.#
#<...##....... ......#
#.# #....##..###.#
####### #.#
#............# #.#
##...##..###.# #.#
#.>.##..###.# #.#
##...........
#######.#####..##..###.#
#..................# #.#
#.....o♣)..........# #.#
#.....o{#####.###..###.#
#.......# #...........
#.......# #......###.#
#.......# #.###.## #.#
#.......# #.# #.# ###
#.......# #.# #.#
######### #.# #.# #.#
#.#


You could see an orc priest and an orc.

Vanquished Creatures
  A centaur (D:4)
  A phantom (D:4)
  4 necrophages (D:4)
  An orc priest (D:4)
  Terence (D:3)
  Jessica (D:3)
  An orc wizard (D:4)
  2 adders (D:4)
  4 worms
  5 orcs
  3 ball pythons
  An endoplasm (D:3)
  3 giant cockroaches
  10 goblins
  4 hobgoblins
  3 quokkas
  6 bats
  2 frilled lizards
  3 kobolds
  A rat (D:3)
57 creatures vanquished.

Vanquished Creatures (others)
  5 toadstools (D:1)
5 creatures vanquished.

Grand Total: 62 creatures vanquished

Notes
Turn   | Place    | Note
-------+----------+-------------------------------------------
     0 | Abyss:1  | Newt the Demonspawn Abyssal Knight began the quest for the
                  | Orb.
     0 | Abyss:1  | Reached XP level 1. HP: 18/18 MP: 2/2
    83 | Abyss:1  | Noticed a smoke demon
    86 | D:1      | Escaped the Abyss
   917 | D:1      | Gained mutation: You regenerate a little health from kills.
                  | [demonic ancestry]
   917 | D:1      | Reached XP level 2. HP: 24/24 MP: 3/3
  1309 | D:2      | Reached ** piety under Lugonu
  1310 | D:2      | Reached skill level 1 in Dodging
  1332 | D:2      | Found a faded altar of an unknown god.
  2656 | D:3      | Noticed Terence
  2663 | D:3      | Reached XP level 3. HP: 24/29 MP: 4/4
  2669 | D:3      | Killed Terence
  2881 | D:3      | Reached XP level 4. HP: 37/37 MP: 5/5
  2979 | D:3      | Noticed Jessica
  2994 | D:3      | Killed Jessica
  2995 | D:3      | Reached skill level 1 in Short Blades
  2995 | D:3      | Reached skill level 1 in Spellcasting
  3282 | D:3      | Noticed a necrophage
  3285 | D:4      | Noticed a phantom
  3317 | D:4      | Killed a phantom
  3318 | D:4      | Gained mutation: You are partially covered in large bone
                  | plates. (SH +4) [demonic ancestry]
  3318 | D:4      | Reached XP level 5. HP: 22/42 MP: 5/7
  3792 | D:4      | Gained mutation: You are mostly covered in large bone
                  | plates. (SH +6) [demonic ancestry]
  3792 | D:4      | Reached XP level 6. HP: 28/48 MP: 8/8
  4095 | D:4      | Gained mutation: Your touch may inflict minor irresistible
                  | damage on your foes. [demonic ancestry]
  4095 | D:4      | Reached XP level 7. HP: 44/53 MP: 10/10
  4098 | D:4      | Reached *** piety under Lugonu
  4118 | D:4      | Found a broken altar of Ashenzari.
  4246 | D:4      | Killed from afar by an orc priest

Illustrated notes

Levels and vault maps discovered:
D:1:      ldierk_walled_garden, layout_basic, minmay_misc_feat_chi,
          grunt_decor_junction, minmay_pentomino_t2
D:2:      layout_loops_cross, ebering_ecumenical_altar_rust
D:3:      layout_loops_cross, uniq_terence, uniq_ijyb, uniq_jessica, uniq_robin
D:4:      layout_basic, nicolae_ashenzari_skybound, uniq_natasha

Skill      XL: |  1  2  3  4  5  6 |
---------------+-------------------+-----
Axes           | 2 |  2.4
Armour         | 2 3 |  3.3
Dodging        | 1 |  1.0
Short Blades   | 2 3 4 |  4.4
Spellcasting   | 1 2 |  2.2
Fighting       | 4 |  4.2
Shields        | |  0.2
Invocations    | |  2.4

Action                   |  1- 3 |  4- 6 |  7- 9 || total
-------------------------+-------+-------+-------++-------
Melee: Hand axe          |    91 |       |       ||    91
       Short sword       |    20 |   168 |    27 ||   215
       Touch             |       |       |     3 ||     3
Invok: Depart the Abyss  |     1 |       |       ||     1
  Use: Scroll            |     6 |     5 |       ||    11
       Potion            |     2 |     1 |     1 ||     4
Armor: Leather armour    |    23 |       |       ||    23
       Ring mail         |    13 |    44 |     3 ||    60
       Skin              |       |       |    22 ||    22
Dodge: Dodged            |    82 |    54 |     5 ||   141
Block: Other             |       |    12 |     2 ||    14

Table legend: (Time is in decaauts)
 A = Elapsed time spent in this place.
 B = Non-inter-level travel time spent in this place.
 C = Inter-level travel time spent in this place.
 D = Time resting spent in this place.
 E = Time spent auto-exploring this place.
 F = Levels seen in this place.
 G = Mean time per level.
                   A        B        C        D        E       F      G
               +--------+--------+--------+--------+--------+-----+--------+
         Total |   4189 |   4113 |     76 |   1220 |   2201 |   5 |  837.8 |
       Dungeon |   4103 |   4027 |     76 |   1220 |   2119 |   4 | 1025.8 |
         Abyss |     86 |     86 |      0 |      0 |     82 |   1 |   86.0 |
               +--------+--------+--------+--------+--------+-----+--------+

Top non-repeatable levels by time:
     D:1: 1240 daAuts
     D:2: 1232 daAuts
     D:4: 897 daAuts
     D:3: 732 daAuts
 Abyss:1: 86 daAuts
